 Dungeon Crawl Stone Soup version 0.31-a0-165-g3f4f80340b (webtiles) character file.

Game seed: 3475041778088455010

42 qw the Chopper (level 3, -4/23 HPs)
             Began as a Gargoyle Fighter on June 13, 2023.
             Slain by a gnoll
             ... wielding a +0 halberd
              (10 damage)
             ... on level 2 of the Dungeon.
             The game lasted 00:00:38 (808 turns).

qw the Chopper (Gargoyle Fighter)                    Turns: 808, Time: 00:00:38

Health: -4/23      AC: 10    Str: 21    XL:     3   Next: 56%
Magic:  3/3        EV:  9    Int:  8    God:
Gold:   78         SH:  4    Dex:  9    Spells: 2/2 levels left

rFire   . . .        Y - +0 war axe
rCold   . . .        c - +0 buckler
rNeg    + . .        b - +0 scale mail
rPois   inf          (no helmet)
rElec   +            (no cloak)
rCorr   .            (no gloves)
SInv    .            (no boots)
Will    .....        (no amulet) Stlth
                     (no ring)
HPRegen 0.23/turn    (no ring)
MPRegen 0.08/turn

%: no passive effects
@: no status effects
A: sickness immunity, AC +3, negative energy resistance 1, electricity
resistance, torment resistance 1, petrification resistance
a: no special abilities


You were on level 2 of the Dungeon.
You visited 1 branch of the dungeon, and saw 2 of its levels.

You collected 78 gold pieces.


Innate Abilities, Weirdness & Mutations

You are immune to sickness and miasma.
Your stone body is resilient. (AC +3)
You are immune to poison.
You resist negative energy. (rN+)
You are resistant to electric shocks. (rElec)
You are resistant to unholy torment.
You are immune to petrification.


   Skills:
 - Level 3.2 Fighting
 + Level 3.5 Axes
 - Level 3.2 Armour
 - Level 3.2 Shields


You had 2 spell levels left.
You didn't know any spells.
Your spell library was empty.

Inventory:

Hand Weapons
 i - a +0 whip
 Y - a +0 war axe (weapon)
Armour
 b - a +0 scale mail (worn)
 c - a +0 buckler (worn)
Scrolls
 a - 2 scrolls of identify
 e - a scroll of enchant armour
Potions
 d - a potion of might
 f - a potion of invisibility {unknown}
 g - a potion of heal wounds
 h - a potion of lignification {unknown}
 j - a potion of curing

Dungeon Overview and Level Annotations

Branches:
Dungeon (2/15)

Altars:


Message History

A ball python comes into view.
The ball python hisses angrily.
You hit the ball python.
You kill the ball python!
e - a scroll of enchant armour
Found 5 stones.
Found a stone staircase leading up.
A bat comes into view.
The bat hits you but does no damage.
You miss the bat. You block the bat's attack.
The bat hits you but does no damage. x2
You closely miss the bat. The bat hits you but does no damage. x3
You slash the bat!
You kill the bat!
You now have 78 gold pieces (gained 18).
There is a stone staircase leading up here.
A gnoll comes into view. It is wielding a +0 halberd.
The gnoll shouts!
You hear a shout! x2
Enter note:
Enter note: A gnoll comes into view. It is wielding a +0 spear.
Enter note:
Enter note: The gnoll hits you with a +0 halberd!
You closely miss the gnoll. The gnoll barely misses you.
The gnoll closely misses you. The gnoll barely misses you.
The gnoll hits you but does no damage.
A gnoll comes into view. It is wielding a +0 spear.
You slash the gnoll!
The gnoll is almost dead.
The gnoll hits you with a +0 halberd! You block the gnoll's attack.
You barely miss the gnoll.
The gnoll is almost dead.
The gnoll closely misses you. The gnoll hits you but does no damage.
You barely miss the gnoll.
The gnoll is almost dead.
The gnoll hits you with a +0 halberd!
You die...

######## #.. .:.#
#.# #.####.###
#.####..@ggg..#
####.##...####.#.#
######....<..#.#
...............#
######.#.#######
######.#.####
...##.......#
##.##..#.##.....
.#.....#.# ....


You could see 3 gnolls.

Vanquished Creatures
  2 dart slugs (D:1)
  3 endoplasms (D:1)
  3 giant cockroaches (D:1)
  A hobgoblin (D:2)
  7 jackals (D:1)
  2 quokkas (D:1)
  A ball python (D:2)
  5 bats
  A frilled lizard (D:1)
  4 goblins (D:1)
  A kobold (D:2)
  3 rats (D:1)
33 creatures vanquished.

Notes
Turn   | Place    | Note
-------+----------+-------------------------------------------
     0 | D:1      | qw the Gargoyle Fighter began the quest for the Orb.
     0 | D:1      | Reached XP level 1. HP: 14/14 MP: 1/1
     0 | D:1      | 0 ||| qw: Version: 0.2-a-29-gc1b59c4
     0 | D:1      | 0 ||| qw: Game counter: 4702
     0 | D:1      | 0 ||| qw: Always use a shield: true
     0 | D:1      | 0 ||| qw: God list: Okawaru
     0 | D:1      | 0 ||| qw: Allow faded altars: false
     0 | D:1      | 0 ||| qw: Do Orc after D:15 true
     0 | D:1      | 0 ||| qw: Do second Lair branch before Depths: true
     0 | D:1      | 0 ||| qw: Lair rune preference: random
     0 | D:1      | 0 ||| qw: Plans: Normal, Zot:1-4, Slime:5, God:TSO, Crypt,
                  | Tomb, Abyss, Pan, Hells, Win
     0 | D:1      | 0 ||| PLANNING D:1-11
    10 | D:1      | 10 ||| Stepping ~*~*~tactically~*~*~ (hiding).
    29 | D:1      | 29 ||| Stepping ~*~*~tactically~*~*~ (stealth).
    41 | D:1      | Reached XP level 2. HP: 16/19 MP: 2/2
    45 | D:1      | 45 ||| FLEEEEING.
    59 | D:1      | 59 ||| Stepping ~*~*~tactically~*~*~ (stealth).
    60 | D:1      | 60 ||| Stepping ~*~*~tactically~*~*~ (stealth).
   138 | D:1      | 138 ||| Stepping ~*~*~tactically~*~*~ (stealth).
   139 | D:1      | 139 ||| Stepping ~*~*~tactically~*~*~ (stealth).
   214 | D:1      | 214 ||| Stepping ~*~*~tactically~*~*~ (stealth).
   217 | D:1      | Reached skill level 3 in Axes
   226 | D:1      | Reached XP level 3. HP: 23/23 MP: 3/3
   615 | D:1      | 615 ||| Stepping ~*~*~tactically~*~*~ (hiding).
   664 | D:1      | 664 ||| READING 3 scrolls labelled FINTOS BACZOOFF.
   665 | D:1      | 665 ||| READING scroll labelled TAM WEENETAH.
   666 | D:1      | 666 ||| READING scroll labelled UHOISTO ZAWAIL.
   667 | D:1      | 667 ||| DRINKING 2 murky red potions.
   668 | D:1      | 668 ||| READING 2 scrolls of identify.
   668 | D:1      | 668 ||| IDENTIFYING inky potion
   731 | D:2      | 731 ||| Stepping ~*~*~tactically~*~*~ (hiding).
   732 | D:2      | 732 ||| Stepping ~*~*~tactically~*~*~ (hiding).
   747 | D:2      | 747 ||| DROPPING +0 club.
   808 | D:2      | Slain by a gnoll

Levels and vault maps discovered:
D:1:      amcnicky_arrival_choice, layout_rooms, minmay_tiny_reverse_x
D:2:      layout_loops_cross

Skill      XL: |  1  2 |
---------------+-------+-----
Axes           | 2 3 |  3.5
Fighting       | |  3.2
Armour         | |  3.2
Shields        | |  3.2

Action                     || total
---------------------------++-------
  Melee: War axe           ||   108
    Use: Scroll            ||     4
         Potion            ||     1
 Armour: Scale mail        ||    66
  Dodge: Dodged            ||    71
  Block: Buckler           ||    36

Table legend:
 A = Non-vault XP
 B = Vault XP
 C = Vault XP percentage of total XP
 D = Non-vault monster count
 E = Vault monster count
 F = Vault count percentage of total count
                 A         B        C        D         E       F
            +---------+---------+-------+---------+---------+-------
      Total |      57 |       4 |   6.6 |      31 |       2 |   6.1
            +---------+---------+-------+---------+---------+-------
        D:1 |      51 |       4 |   7.3 |      27 |       2 |   6.9
        D:2 |       6 |       0 |   0.0 |       4 |       0 |   0.0
            +---------+---------+-------+---------+---------+-------
